Unix NetHack Version 3.7.0-89 Work-in-progress - last build Sep 24 2023 19:26:52 (48e034876007844a536bf88644040a71d2893410,branch:master). Game began 2023-09-24 17:52:09, ended 2023-09-25 18:33:11. spontiff, neutral male gnomish Healer --------------------------------- |...............................| |...-----------.---------------.| |...|.(((| |.| |....|.| |...|.(((| +.- |.[..|.| |...-.(((| |.| |.)%.-.| |...|----------.--------+------.| |...|...|[...|....@.............| |)..|...|._..|...}.}.-----+----.| |...|$..|..(.|}.}..f.| |..|.| |...|...|...%|{......| |..|.| #|...-|-----|--......@-+------|-.| #|................}..............| ##...)----..[.)----...}----|-----.| ---+- ##|...|..|.....|..-....|..|..|..-.| ....|####|...-..|.....|..|....-..|..|..|.| |..<.####--------------------------------- ....| ----- Spontiff the Rhizotomist St:11 Dx:10 Co:15 In:9 Wi:16 Ch:17 Neutral S:768 Dlvl:5 $:0 HP:29(33) Pw:6(8) AC:-3 Xp:2/39 T:3812 Burdened Latest messages: The large cat drops an uncursed +0 pair of hard shoes. The large cat bites the giant bat. The giant bat is killed! You see here an uncursed +0 pair of hard shoes. The large cat bites the iguana. The iguana bites the large cat. The large cat bites the iguana. The large cat bites the iguana. You see here a short sword. The large cat bites the iguana. The iguana is killed! The large cat eats an iguana corpse. You see here a short sword. What do you want to drop? [$a-tv-zA-EG-LNP-TV-Z or ?*] $ You drop 74 gold pieces. What do you want to dip? [a-ce-tv-zA-EG-LNP-TV-Z or ?*] # You don't have that object. What do you want to dip? [a-ce-tv-zA-EG-LNP-TV-Z or ?*] Q Dip a cursed robe into the fountain? [yn] (n) y Nothing seems to happen. What do you want to dip? [a-ce-tv-zA-EG-LNP-TV-Z or ?*] Q Dip a cursed robe into the fountain? [yn] (n) y A strange tingling runs up your arm. A watch captain yells: "Hey, stop using that fountain!" The large cat misses the watch captain. The large cat misses the watch captain. You have a little trouble lifting $ - 74 gold pieces. The large cat bites the watch captain. The watch captain wields a rusty long sword! The large cat bites the watch captain. The large cat misses the watch captain. What do you want to use or apply? [eloswxCIJSVZ or ?*] s In what direction? l Status of the large cat (neutral, small): Level 9 HP 71(72) AC 4, tame. The large cat misses the watch captain. The large cat misses the watch captain. What do you want to drop? [$a-tv-zA-EG-LNP-TV-Z or ?*] ! You don't have that object. What do you want to drop? [$a-tv-zA-EG-LNP-TV-Z or ?*] $ You drop 74 gold pieces. What do you want to dip? [a-ce-tv-zA-EG-LNP-TV-Z or ?*] Q Dip a cursed robe into the fountain? [yn] (n) y Water gushes forth from the overflowing fountain! You drown the watch captain. You murderer! Welcome to experience level 2. Really quit? [yes|n] (n) yes Do you want your possessions identified? [ynq] (y) y Do you want to see the dungeon overview? [ynq] (y) y Inventory: Weapons W - an uncursed +0 dart k - an uncursed +4 orcish dagger K - an uncursed +0 scalpel (alternate weapon; not wielded) Armor h - an uncursed +0 dwarvish iron helm (being worn) N - a cursed -1 helmet g - an uncursed +1 pair of leather gloves (being worn) G - an uncursed +0 pair of leather gloves v - an uncursed +0 pair of high boots (being worn) r - an uncursed +0 small shield (being worn) Y - a cursed +0 small shield q - an uncursed +0 dwarvish cloak (being worn) Q - a cursed +0 robe d - an uncursed +0 leather armor (being worn) Comestibles y - an uncursed apple c - an uncursed carrot n - 3 uncursed food rations j - an uncursed sprig of wolfsbane p - 5 uncursed tripe rations Scrolls X - an uncursed scroll of amnesia D - a blessed scroll of create monster z - an uncursed scroll of enchant weapon f - an uncursed scroll of genocide L - a cursed scroll of teleportation Spellbooks e - an uncursed spellbook of detect unseen l - an uncursed spellbook of extra healing I - an uncursed spellbook of light Potions m - an uncursed potion of acid A - a cursed potion of blindness P - 2 cursed potions of sleeping E - 2 uncursed potions of water B - 4 potions of unholy water Wands S - an uncursed wand of sleep (0:7) J - an uncursed wand of speed monster (0:8) Tools C - an uncursed figurine of a wood golem Z - a cursed leash w - an uncursed mirror V - a cursed mirror x - a cursed oil lamp s - an uncursed stethoscope o - an uncursed tin whistle Gems/Stones a - an uncursed jasper stone b - an uncursed worthless piece of blue glass T - 2 uncursed worthless pieces of green glass t - an uncursed worthless piece of red glass R - an uncursed worthless piece of white glass i - 2 uncursed worthless pieces of yellow glass H - 3 uncursed worthless pieces of yellowish brown glass Spontiff the Healer's attributes: Background: You were a Rhizotomist, a level 2 male gnomish Healer. You were neutral, on a mission for Hermes who was opposed by Athena (lawful) and Poseidon (chaotic). You were in the Gnomish Mines, on level 5. You entered the dungeon 3812 turns ago. You had 39 experience points, 1 more was needed to attain level 3. Your score was 768 before end-of-game adjustments. Basics: You had 29 out of 33 hit points. You had 6 out of 8 energy points (spell power). Your armor class was -3. Your wallet was empty. Autopickup was on for '$!/="?' plus thrown, with exceptions. Final Characteristics: Your strength was 11 (limit:18/50). Your dexterity was 10 (limit:18). Your constitution was 15 (limit:18). Your intelligence was 9 (limit:19). Your wisdom was 16 (limit:18). Your charisma was 17 (limit:18). Final Status: You were not hungry. You were burdened; movement was slightly slowed. You were empty handed. You were unskilled in bare handed combat. Final Attributes: You had sinned. You were poison resistant. You had infravision. You had a small defense bonus (+4). You were warded. You were unlucky. You survived. Miscellaneous: You encountered 1 bones level. Total elapsed playing time was 39 minutes and 29 seconds. Major events: Turn 1: spontiff the neutral male gnomish Healer entered the dungeon 556: entered the Gnomish Mines 3214: reached Mine Town 3812: quit Vanquished creatures: a watch captain a large mimic 3 watchmen a water nymph a shrieker 2 gnome leaders a gnomish wizard 2 dwarves a giant bat a werejackal an iguana 2 coyotes 2 gas spores a hobbit a large kobold a giant rat a brown mold a yellow mold a green mold 3 gnomes 2 gnome zombies 6 geckos 9 jackals a kobold 6 goblins 3 sewer rats 16 grid bugs 2 bats 6 lichens 2 kobold zombies 8 newts 89 creatures vanquished. No species were genocided or became extinct. Voluntary challenges: You never hit with a wielded weapon. You were illiterate. You never engraved Elbereth. You never genocided any monsters. You never polymorphed an object. You never changed form. You used no wishes. Achievements: You entered the Gnomish Mines. You entered Minetown. You entered a shop. You entered a temple. The Dungeons of Doom: levels 1 to 5 Level 1: "Stashlet" Level 2: Stairs down to The Gnomish Mines. Level 3: "iron bars;magic trap" Some fountains, some graves. Level 4: Level 5: The Gnomish Mines: levels 3 to 5 Level 3: A grave. Final resting place for TreninB-Pri-Hum-Fem-Neu, killed by a crossbow bolt. Level 4: Level 5: <- You were here. Some shops, a temple to Hermes, some fountains. Goodbye spontiff the Healer... You quit in The Gnomish Mines on dungeon level 5 with 768 points, and 0 pieces of gold, after 3812 moves. You were level 2 with a maximum of 33 hit points when you quit.